 Dungeon Crawl Stone Soup version 0.30.1-9-gdf580d7c3d (webtiles) character file.

Game seed: 10250838809238864809

2790 KittyFluff the Protected (level 9, 0/84 HPs)
             Began as a Gargoyle Berserker on Oct 21, 2023.
             Was an Elder of Trog.
             Slain by an orc wizard
             ... wielding a +2 dagger of speed
              (5 damage)
             ... on level 7 of the Dungeon.
             The game lasted 00:26:12 (7328 turns).

KittyFluff the Protected (Gargoyle Berserker)       Turns: 7328, Time: 00:26:12

Health: 0/84       AC: 20    Str: 26    XL:     9   Next: 71%
Magic:  9/9        EV: 12    Int:  7    God:    Trog [****..]
Gold:   219        SH:  0    Dex:  9    Spells: 8/8 levels left

rFire   . . .        h - +1 mace (protect)
rCold   . . .        (no shield)
rNeg    + . .        t - +0 leather armour
rPois   ∞            (no helmet)
rElec   +            (no cloak)
rCorr   .            I - +0 pair of gloves
SInv    .            C - +0 pair of boots
Will    .....        (no amulet) Stlth
                     (no ring)
HPRegen 0.34/turn    (no ring)
MPRegen 0.11/turn

%: no passive effects
@: berserking, under a protective aura, very quick
A: sickness immunity, AC +6, negative energy resistance 1, electricity
resistance, torment resistance 1, petrification resistance
a: Renounce Religion, Berserk, Trog's Hand, Brothers in Arms


You were on level 7 of the Dungeon.
You worshipped Trog.
Trog was greatly pleased with you.
You visited 1 branch of the dungeon, and saw 7 of its levels.
You also visited: Sewer.

You collected 417 gold pieces.
You spent 198 gold pieces at shops.

Inventory:

Hand Weapons
 h - a +1 mace of protection (weapon)
 i - a +0 sling
 F - a +0 morningstar
Missiles
 l - 6 boomerangs (quivered)
 v - 7 poisoned darts
 A - a throwing net
 J - 3 atropa-tipped darts
Armour
 g - a +0 pair of gloves
 t - a +0 leather armour (worn)
 C - a +0 pair of boots (worn)
 G - the +1 scale mail of Semug {rElec MP+9 Stlth+}
   (You bought it in a shop on level 5 of the Dungeon)

   rElec:     It insulates you from electricity.
   MP:        It affects your magic capacity (+9).
   Stlth:     It makes you more stealthy.
 I - a +0 pair of gloves (worn)
Jewellery
 o - a +6 ring of intelligence
Wands
 E - a wand of paralysis (6)
 H - a wand of iceblast (10)
Scrolls
 b - 2 scrolls of identify
 f - 5 scrolls of poison
 k - a scroll of fear
 m - 2 scrolls of teleportation {unknown}
 n - 2 scrolls of brand weapon {unknown}
 p - 2 scrolls of fog {unknown}
 s - 2 scrolls of vulnerability {unknown}
 w - 3 scrolls of enchant weapon {unknown}
 x - 3 scrolls of immolation {unknown}
 y - a scroll of blinking
 D - 3 scrolls of amnesia {unknown}
 K - a scroll of enchant armour
Potions
 a - 5 potions of mutation
 c - 6 potions of haste
 d - 2 potions of heal wounds
 e - 2 potions of degeneration {unknown}
 j - 7 potions of curing {unknown}
 r - 2 potions of invisibility {unknown}
 u - a potion of magic {unknown}
 z - a potion of cancellation {unknown}
 B - 2 potions of brilliance {unknown}


   Skills:
 + Level 6.6 Fighting
 * Level 8.2 Maces & Flails
 * Level 8.5 Armour
 + Level 4.6 Dodging


You had 8 spell levels left.
You didn't know any spells.
Your spell library was empty.

Dungeon Overview and Level Annotations

Branches:
Dungeon (7/15)             Temple (0/1) D:5           Sewer (visited)

Altars:
Cheibriados
Gozag
Ru
Vehumet

Shops:
D:5 [

Portals:
Bailey: D:7


Innate Abilities, Weirdness & Mutations

You are immune to sickness and miasma.
Your stone body is resilient. (AC +6)
You are immune to poison.
You resist negative energy. (rN+)
You are resistant to electric shocks. (rElec)
You are resistant to unholy torment.
You are immune to petrification.


Message History

The centaur misses you.
The centaur kicks you but does no damage.
You hit the bullfrog.
The bullfrog is moderately wounded.
The bullfrog hits you but does no damage.
The centaur hits you but does no damage.
The centaur misses you.
You hit the bullfrog but do no damage. Your punch misses the bullfrog.
The bullfrog is moderately wounded.
The bullfrog closely misses you.
The centaur hits you with a +0 hand axe.
* * * LOW HITPOINT WARNING * * *
The centaur kicks you but does no damage.
The bullfrog hits you but does no damage.
The centaur barely misses you. The centaur misses you.
A red film seems to cover your vision as you go berserk!
You feel yourself moving faster!
You feel mighty! The bullfrog barely misses you.
The centaur hits you but does no damage.
The centaur closely misses you.
You sock the centaur!
The centaur is severely wounded.
You hear an angry hiss.
The bullfrog hits you but does no damage.
The centaur hits you with a +0 hand axe.
* * * LOW HITPOINT WARNING * * *
The centaur misses you.
You sock the centaur!
You kill the centaur!
Trog accepts your kill.
The orc priest calls down the wrath of Beogh upon you.
Beogh smites you!
* * * LOW HITPOINT WARNING * * *
The bullfrog barely misses you.
You barely miss the orc warrior. The bullfrog misses you.
A basilisk comes into view.
The bullfrog closely misses you. The basilisk closely misses you.
The orc priest hits you but does no damage.
Something hits you.
You die...

...#..** ***.#.,****
.#...#######...####
................#.###******
.##.#.........!......,,,,,*
.##.#..............####,,,*
.##.#..................,*****
................#...#**,,,,,*
.#..#...........Fo..#**,,,,,*
.#.##..........o@.#,,,,,,,,,*
...####..##....l#...#**,,,,,*
..## ##.##..)..#..## *,,,,,*
..# #....)∩).....#**,,,,,*
..#** ###........#..#*,,,,,*
#..,* #.........#.#*,,,,,*
*,*,*****#....####.#.#*******
*,*,,*,,,....## *.#.#
*,**,*c#*,,.#* *,,,*


You could see a basilisk, an orc warrior, a bullfrog and an orc priest.

Vanquished Creatures
  Sigmund (D:5)
  The ghost of middlethird the Magician, an amateur VSEE (D:5)
  Menkaure (D:4)
  A water moccasin (D:5)
  3 black bears
  An ice beast (D:6)
  2 centaurs
  2 ogres (D:7)
  2 phantoms
  A kobold brigand (Sewer)
  3 bullfrogs
  3 scorpions
  A killer bee (D:7)
  A howler monkey (D:7)
  A gnoll bouda (D:5)
  2 jellies
  2 orc priests (D:6)
  6 hounds
  3 iguanas (D:5)
  6 orc wizards
  Ijyb (D:5)
  6 gnolls
  3 river rats
  13 adders
  2 ufetubi
  3 worms
  16 orcs
  4 endoplasms
  4 giant cockroaches
  3 goblins
  7 hobgoblins
  9 jackals
  5 quokkas
  15 ball pythons
  4 bats (D:2)
  4 frilled lizards
  13 kobolds
  11 rats
166 creatures vanquished.

Notes
Turn   | Place    | Note
-------+----------+-------------------------------------------
     0 | D:1      | KittyFluff the Gargoyle Berserker began the quest for the
                  | Orb.
     0 | D:1      | Reached XP level 1. HP: 14/14 MP: 1/1
   166 | D:1      | Reached XP level 2. HP: 7/19 MP: 2/2
   937 | D:2      | Reached XP level 3. HP: 23/23 MP: 3/3
  1103 | D:2      | Reached ** piety under Trog
  1177 | D:2      | Reached XP level 4. HP: 28/29 MP: 4/4
  2257 | D:3      | Reached XP level 5. HP: 33/33 MP: 5/5
  2676 | D:4      | Found a glowing drain.
  2680 | Sewer    | Entered a sewer
  2881 | Sewer    | Noticed a kobold brigand
  2909 | Sewer    | Killed a kobold brigand
  2910 | Sewer    | Reached XP level 6. HP: 34/38 MP: 6/6
  2931 | Sewer    | Reached *** piety under Trog
  3929 | D:4      | Reached skill level 5 in Maces & Flails
  4258 | D:4      | Found a sacrificial altar of Ru.
  4670 | D:4      | Noticed Menkaure
  4673 | D:4      | Found a snail-covered altar of Cheibriados.
  4682 | D:4      | Killed Menkaure
  4683 | D:4      | Reached skill level 5 in Armour
  4683 | D:4      | Reached XP level 7. HP: 35/44 MP: 7/7
  4844 | D:5      | Entered Level 5 of the Dungeon
  4868 | D:5      | Noticed Sigmund
  4898 | D:5      | Killed Sigmund
  4980 | D:5      | Found a radiant altar of Vehumet.
  5000 | D:5      | Noticed Ijyb
  5003 | D:5      | Reached skill level 5 in Fighting
  5015 | D:5      | Reached XP level 8. HP: 28/49 MP: 8/8
  5028 | D:5      | Killed Ijyb
  5782 | D:5      | Found an opulent altar of Gozag.
  6161 | D:5      | Found a runed translucent gate.
  6161 | D:5      | Found a runed translucent gate.
  6161 | D:5      | Found a runed translucent gate.
  6161 | D:5      | Noticed middlethird's ghost (amateur VSEE)
  6162 | D:5      | Found a staircase to the Ecumenical Temple.
  6211 | D:5      | Killed middlethird's ghost
  6254 | D:5      | Found Muhudghu Isic's Antique Armour Boutique.
  6263 | D:5      | Bought a steaming scale mail for 198 gold pieces
  6263 | D:5      | Identified the +1 scale mail of Semug {rElec MP+9 Stlth+}
                  | (You bought it in a shop on level 5 of the Dungeon)
  6652 | D:6      | Reached XP level 9. HP: 55/55 MP: 9/9
  7036 | D:6      | Reached **** piety under Trog
  7298 | D:7      | Found a flagged portal.
  7326 | D:7      | HP: 4/84 [orc priest/divine providence (15)]
  7328 | D:7      | Slain by an orc wizard

Illustrated notes

Levels and vault maps discovered:
D:1:      doesnt_arrival_eight_statues, layout_basic, grunt_decor_mini_mirrors,
          hangedman_decor_points
D:2:      layout_rooms, grunt_ministairs_12, st_stairs_12,
          hangedman_decor_clover_reticule, minmay_snake_closets
D:3:      layout_basic
D:4:      layout_basic, mainiacjoe_overflow_tiny_flanked, cheibriados_altar_1,
          gup_sewer_entry_spiral, kennysheep_windowed_goal, uniq_menkaure
D:5:      wad_crossroads, layout_basic, lemuel_round_altar,
          mainiacjoe_overflow_chevrons, temple_green, ebering_ghost_rock_garden,
          serial_shops, nicolae_shop_rolling_square, chequers_arboretum,
          minmay_manual_mandibuliform, uniq_ijyb, uniq_sigmund
D:6:      layout_rooms, kennysheep_generic_room_2
D:7:      layout_rooms, enter_bailey_2, amcnicky_mini_pool_medium

Skill      XL: |  1  2  3  4  5  6  7  8  9 |
---------------+----------------------------+-----
Armour         | 3 4 5 7 8 |  8.5
Dodging        | 2 3 4 |  4.6
Maces & Flails | 4 5 7 8 |  8.2
Fighting       | 4 5 6 |  6.6

Action                     |  1- 3 |  4- 6 |  7- 9 || total
---------------------------+-------+-------+-------++-------
  Melee: Mace              |   128 |   324 |   335 ||   787
         Punch             |       |     1 |     5 ||     6
 Invoke: Berserk           |       |     1 |     2 ||     3
    Use: Scroll            |       |     1 |     8 ||     9
   Stab: Sleeping          |       |     1 |       ||     1
 Armour: Animal skin       |    54 |    41 |       ||    95
         Leather armour    |       |   124 |   203 ||   327
  Dodge: Dodged            |   101 |   210 |   259 ||   570
